 Dungeon Crawl Stone Soup version 0.27-a0-401-gea03ee85fd (webtiles) character file.

Game seed: 18128413735811421921

3519 mandarbmax the Fighter (level 10, -2/102 HPs)
             Began as an Ogre Transmuter on Feb 21, 2021.
             Was a Believer of Ru.
             Slain by an orc warlord
             ... wielding a +3 long sword of protection
              (34 damage)
             ... in a bailey.
             The game lasted 00:35:09 (9984 turns).

mandarbmax the Fighter (Ogre Transmuter)            Turns: 9984, Time: 00:35:10

Health: -2/102     AC:  2    Str: 24    XL:     10   Next: 8%
Magic:  11/14      EV: 25    Int: 17    God:    Ru [**....]
Gold:   509        SH:  0    Dex: 14    Spells: 10/15 levels left

rFire    . . .     SeeInvis .     - Unarmed
rCold    . . .     Faith    .   (shield currently unavailable)
rNeg     . . .     Spirit   .   (armour currently unavailable)
rPois    x         Reflect  .   (helmet currently unavailable)
rElec    .         Harm     .   (cloak currently unavailable)
rCorr    .         Rampage  .   (gloves unavailable)
Will     +....                  (boots unavailable)
Stlth    +.........             p - amulet of magic regeneration
HPRegen  0.27/turn              o - +4 ring of evasion
MPRegen  0.39/turn              l - +6 ring of strength

@: mighty, spider-form (expiring), very slightly contaminated, hasted, very
quick
A: tiny, unfitting armour, blurry vision 1, frail 1, strong 1
a: End Transformation, Renounce Religion


You were in a bailey.
You worshipped Ru.
Ru was pleased with you.
You were a venomous arachnid creature.
You visited 2 branches of the dungeon, and saw 8 of its levels.
You also visited: Bailey.

You collected 509 gold pieces.

Inventory:

Missiles
 c - 2 throwing nets
 d - 60 poisoned darts (quivered)
Armour
 a - a +2 robe (melded)
 i - a +2 cloak (melded)
Magical Staves
 w - a staff of conjuration
Jewellery
 f - a ring of protection from fire
 l - a +6 ring of strength (right front leg)
 o - a +4 ring of evasion (left front leg)
 p - an amulet of magic regeneration (around neck)
Wands
 g - a wand of iceblast (7)
 s - a wand of flame (3)
 v - a wand of acid (18)
Scrolls
 e - 5 scrolls of teleportation
 h - a scroll of fear
 k - 5 scrolls of amnesia
Potions
 n - a potion of attraction
 t - a potion of flight
 x - 2 potions of haste
 z - a potion of cancellation
 A - a potion of mutation


   Skills:
 + Level 11.5 Fighting
 - Level 4.0 Throwing
 - Level 4.0 Dodging
 - Level 8.0 Unarmed Combat
 - Level 3.0 Spellcasting
 - Level 4.0 Transmutations


You had 10 spell levels left.
You knew the following spells:

 Your Spells              Type           Power        Failure   Level
b - Wereblood             Tmut           16%          14%         2
c - Spider Form           Tmut/Pois      4%           43%         3

Your spell library contained the following spells:

 Spells                   Type           Power        Failure   Level
 Beastly Appendage        Tmut           32%          11%         1
 Confusing Touch          Hex            2%           67%         3
 Gell's Gravitas          Tloc           1%           67%         3
 Ice Form                 Ice/Tmut       9%           78%         4
 Petrify                  Tmut/Erth      9%           78%         4
 Blade Hands              Tmut           8%           85%         5
 Yara's Violent Unravell  Hex/Tmut       4%           98%         5
 Metabolic Englaciation   Hex/Ice        1%           100%        5


Dungeon Overview and Level Annotations

Branches:
Dungeon (7/15)             Temple (1/1) D:5          Bailey (1/1)

Altars:
Ashenzari
Cheibriados
Dithmenos
Elyvilon
Fedhas
Gozag
Hepliaklqana
Kikubaaqudgha
Nemelex Xobeh
Okawaru
Qazlal
Ru
Sif Muna
Trog
Uskayaw
Vehumet
Wu Jian
Xom
Yredelemnul
Zin
The Shining One


Innate Abilities, Weirdness & Mutations

You are too large for most types of armour.
You are frail. (-10% HP)
((You have tough skin. (AC +1)))
Scrolls take you a little longer to read.
((Your flesh is heat resistant. (rF+)))
Your muscles are strong. (Str +2)


Message History

Okay, then.
Casting: Spider Form (dangerous; 22% risk of failure)
Confirm with . or Enter, or press ? or * to list all spells.
You miscast Spider Form.
You are very lightly contaminated with residual magic.
You feel a strange surge of energy.
Casting: Spider Form (dangerous; 22% risk of failure)
Confirm with . or Enter, or press ? or * to list all spells.
You turn into a venomous arachnid creature.
Your +2 cloak melds into your body.
Your +2 robe melds into your body.
You start resting.
Your transformation is almost over.
You start resting.
Something unseen opens the gate.
Aiming: Corrosive Bolt
Press: ? - help, Shift-Dir - straight line, f - goblin
Aim: a goblin, wielding a +0 hand axe and wearing a +0 leather armour (36% to evade)
The bolt of acid misses the orc warlord.
The bolt of acid misses the goblin.
Unknown command.
Aiming: Corrosive Bolt
Press: ? - help, Shift-Dir - straight line, f - orc warlord, p - goblin
Aim: an orc warlord, wielding a +3 long sword of protection and wearing a +2 chain mail of fire resistance (moderately wounded, poisoned, 21% to evade)
The bolt of acid hits the orc warlord but does no damage.
The orc warlord is moderately wounded.
Unknown command.
Aiming: Corrosive Bolt
Press: ? - help, Shift-Dir - straight line, f/p - orc warlord
Aim: an orc warlord, wielding a +3 long sword of protection and wearing a +2 chain mail of fire resistance (moderately wounded, poisoned, 21% to evade)
The bolt of acid hits the orc warlord.
The orc warlord is splashed with acid!
The acid corrodes the orc warlord!
The orc warlord is heavily wounded.
You feel very mighty all of a sudden.
You bite the orc warlord!
The orc warlord looks as sick as possible!
The orc warlord is heavily wounded.
You barely miss the orc warlord.
The orc warlord is heavily wounded.
The orc warlord hits you with a +3 long sword of protection!!
You die...

♣♣.......##.........##
♣........#...........#
♣........'...........#
♣...∩.∩..'[....⌠.....#
♣........'.).).......#
♣.......)#...........#
♣♣.....g.##.........##
♣....o♣♣♣###...[[###.
♣♣.♣s♣♣ ###.#+#...
♣♣♣♣♣ ###[[... #......
#...... #.....⌠
#...... #......
##..... ###...


You could see an orc warlord (extremely poisoned, corroded) and a goblin.

Vanquished Creatures
  Pikel (D:4)
  An orc knight (Bailey)
  Prince Ribbit (D:4)
  Menkaure (D:5)
  Edmund (D:6)
  A water moccasin (D:6)
  7 orc warriors (Bailey)
  A sky beast (D:5)
  A necrophage (D:6)
  2 ogres
  2 lemures (D:5)
  A phantom (D:4)
  A bullfrog (D:6)
  2 scorpions
  6 electric eels (D:6)
  A howler monkey (D:4)
  A bullfrog zombie (D:6)
  A centaur zombie (D:5)
  2 orc priests
  A bullfrog skeleton (D:4)
  A hound (D:5)
  Ijyb (D:4)
  6 orc wizards
  A worker ant (D:4)
  A worker ant zombie (D:5)
  4 gnolls (Bailey)
  5 adders
  A shadow imp (D:5)
  2 oozes (D:1)
  An adder zombie (D:5)
  An adder skeleton (D:5)
  7 worms
  4 dart slugs
  5 leopard geckos
  33 orcs
  10 giant cockroaches
  27 goblins
  17 hobgoblins
  11 jackals
  11 kobolds
  3 quokkas
  A ball python (D:1)
  4 bats
  6 frilled lizards
  A leopard gecko zombie (D:6)
  6 rats
205 creatures vanquished.

Vanquished Creatures (others)
  10 plants
10 creatures vanquished.

Grand Total: 215 creatures vanquished

Notes
Turn   | Place    | Note
-------+----------+-------------------------------------------
     0 | D:1      | mandarbmax the Ogre Transmuter began the quest for the Orb.
     0 | D:1      | Reached XP level 1. HP: 19/19 MP: 3/3
   367 | D:1      | Reached XP level 2. HP: 27/28 MP: 2/5
   606 | D:1      | Reached skill level 2 in Fighting
   788 | D:1      | Reached XP level 3. HP: 29/35 MP: 5/7
  1857 | D:2      | Reached skill level 3 in Fighting
  1859 | D:2      | Reached XP level 4. HP: 44/45 MP: 6/8
  1862 | D:2      | Learned a level 2 spell: Wereblood
  1885 | D:2      | Learned a level 3 spell: Spider Form
  2606 | D:3      | Noticed an ogre
  2620 | D:3      | Killed an ogre
  2621 | D:3      | Reached skill level 4 in Fighting
  2621 | D:3      | Reached XP level 5. HP: 33/55 MP: 9/9
  2977 | D:3      | Reached skill level 5 in Fighting
  3766 | D:3      | Reached XP level 6. HP: 62/66 MP: 5/10
  4832 | D:4      | Reached skill level 6 in Fighting
  5060 | D:4      | Reached XP level 7. HP: 71/76 MP: 6/11
  5528 | D:5      | Entered Level 5 of the Dungeon
  5528 | D:5      | Noticed Ijyb
  5532 | D:5      | Noticed Prince Ribbit
  5536 | D:4      | Killed Ijyb
  5592 | D:4      | Killed Prince Ribbit
  5593 | D:4      | Reached skill level 7 in Fighting
  5844 | D:5      | Reached skill level 8 in Fighting
  6014 | D:5      | Reached XP level 8. HP: 49/88 MP: 5/12
  6191 | D:5      | Noticed Pikel
  6207 | D:4      | Killed Pikel
  6208 | D:4      | Reached skill level 9 in Fighting
  6208 | D:4      | Reached skill level 5 in Unarmed Combat
  6961 | D:5      | Noticed Menkaure
  6966 | D:5      | Killed Menkaure
  7026 | D:5      | Found a staircase to the Ecumenical Temple.
  7033 | Temple   | Entered the Ecumenical Temple
  7319 | Temple   | Became a worshipper of Ru the Awakened
  7724 | D:6      | Reached XP level 9. HP: 101/101 MP: 10/13
  8017 | D:6      | Noticed Edmund
  8028 | D:6      | Killed Edmund
  8029 | D:6      | Reached skill level 10 in Fighting
  9147 | D:7      | Gained mutation: You are frail. (-10% HP) [Ru sacrifice]
  9147 | D:7      | Reached * piety under Ru
  9147 | D:7      | Reached ** piety under Ru
  9162 | D:7      | Found a flagged portal.
  9217 | Bailey   | Entered a bailey
  9312 | Bailey   | Reached skill level 1 in Throwing
  9702 | Bailey   | Reached skill level 11 in Fighting
  9743 | Bailey   | Noticed an orc knight
  9755 | Bailey   | Killed an orc knight
  9756 | Bailey   | Reached XP level 10. HP: 30/102 MP: 12/14
  9921 | Bailey   | Noticed an orc warlord
  9922 | Bailey   | Gained mutation: Scrolls take you a little longer to read.
                  | [potion of mutation]
  9922 | Bailey   | Gained mutation: Your muscles are strong. (Str +2) [potion
                  | of mutation]
  9922 | Bailey   | Gained mutation: Your flesh is heat resistant. (rF+)
                  | [potion of mutation]
  9936 | Bailey   | HP: 4/102 [orc warlord/+3 long sword of protection (7)]
  9984 | Bailey   | Slain by an orc warlord

Illustrated notes

Levels and vault maps discovered:
D:1:      dpeg_arrival_pond, layout_basic
D:2:      layout_basic
D:3:      kb_forest_paths, layout_basic, serial_curves, eino_curves_02,
          eino_curves_03
D:4:      layout_rooms, serial_forest, infiniplex_forest_clump_cross,
          infiniplex_forest_pool, infiniplex_forest_join,
          infiniplex_forest_end_double, skrybe_limestone_x
D:5:      layout_rooms, temple_green, minmay_checkerbox, uniq_menkaure,
          uniq_pikel, uniq_prince_ribbit1, uniq_ijyb
D:6:      cheibrodos_two_vegetables, layout_basic, uniq_edmund
D:7:      layout_cave_pools, enter_bailey_5
Temple:   nicolae_temple_the_god_donut
Bailey:   bailey_axe_minmay_hex_keep, bailey

Skill      XL: |  1  2  3  4  5  6  7  8  9 10 |
---------------+-------------------------------+-----
Dodging        | 2 3 4 |  4.0
Transmutations | 2 3 4 |  4.0
Fighting       | 2 3 4 5 6 8 9 11 | 11.5
Unarmed Combat | 3 4 7 8 |  8.0
Spellcasting   | 3 |  3.0
Throwing       | 3 4 |  4.0

Action                   |  1- 3 |  4- 6 |  7- 9 | 10-12 || total
-------------------------+-------+-------+-------+-------++-------
Melee: Unarmed           |   106 |   167 |   266 |    39 ||   578
       Kick              |    26 |     8 |       |       ||    34
       Headbutt          |    18 |     3 |       |       ||    21
Throw: Dart              |    13 |    49 |    15 |       ||    77
 Cast: Beastly Appendage |    32 |     9 |       |       ||    41
       Spider Form       |       |    20 |    34 |     4 ||    58
       Wereblood         |       |     5 |    10 |       ||    15
Invok: Sacrifice Health  |       |       |     1 |       ||     1
Evoke: Wand              |       |       |    19 |     3 ||    22
  Use: Potion            |     1 |     2 |     1 |     6 ||    10
       Scroll            |       |       |    11 |       ||    11
 Stab: Invisible         |       |       |     1 |       ||     1
Armor: Robe              |    21 |    31 |     4 |       ||    56
       Skin              |       |     2 |     5 |       ||     7
Dodge: Dodged            |    42 |   114 |   183 |    20 ||   359

Table legend: (Time is in decaauts)
 A = Elapsed time spent in this place.
 B = Non-inter-level travel time spent in this place.
 C = Inter-level travel time spent in this place.
 D = Time resting spent in this place.
 E = Time spent auto-exploring this place.
 F = Levels seen in this place.
 G = Mean time per level.
                   A        B        C        D        E       F      G
               +--------+--------+--------+--------+--------+-----+--------+
         Total |   9943 |   9698 |    245 |   2302 |   5927 |   9 | 1104.8 |
       Dungeon |   8907 |   8703 |    204 |   1792 |   5631 |   7 | 1272.4 |
        Temple |    300 |    259 |     41 |      0 |    256 |   1 |  300.0 |
        Bailey |    735 |    735 |      0 |    509 |     40 |   1 |  735.0 |
               +--------+--------+--------+--------+--------+-----+--------+

Top non-repeatable levels by time:
     D:4: 1924 daAuts
     D:3: 1763 daAuts
     D:6: 1663 daAuts
     D:1: 1434 daAuts
     D:2: 1273 daAuts
  Bailey: 735 daAuts
     D:5: 723 daAuts
  Temple: 300 daAuts
     D:7: 125 daAuts
